Map: World of Sleepers LE

Players

Kelazhur

  • Race: Terran Terran
  • Spawn Location: 7:00

SpeCial - Winner!

  • Race: Terran Terran
  • Spawn Location: 1:00

Event: NationWars 2019

VOD

Have the link to the VOD?

Description

Time

  • Played on: Nov. 14, 2019, 12:52 p.m.
  • Length: 10:18

All games in this series

Show
View Real Time Build Order
Export as new Build Order

Kelazhur Terran 

Build Orders: Gas First Reaper Expand 

Get SALT Encoding   

  12  0:00  SCV  
  13  0:12  SCV  
  14  0:17  Supply Depot  
  14  0:25  SCV  
  14  0:27  Refinery  
  15  0:38  SCV  
  16  0:43  Barracks  
  16  0:50  SCV  
  17  1:02  SCV  
  18  1:14  SCV  
  19  1:30  Orbital Command, Reaper  
  20  1:42  Command Center  
  20  1:54  Factory  
  20  1:57  SCV  
  21  2:07  Barracks Reactor  
  21  2:09  Supply Depot  
  21  2:10  SCV  
  22  2:22  SCV  
  23  2:25  Refinery  
  23  2:34  SCV  
  24  2:38  Hellion  
  24  2:44  Starport, Marine x2  
  26  2:46  SCV  
  29  2:54  Orbital Command  
  29  2:58  SCV  
  29  3:01  Factory Tech Lab  
  29  3:04  Marine x2  
  32  3:10  SCV  
  33  3:19  SCV  
  34  3:20  Refinery  
  34  3:22  Marine x2  
  34  3:23  SCV  
  37  3:29  Raven  
  37  3:31  SCV  
  40  3:35  SCV  
  40  3:36  Supply Depot  
  40  3:38  Factory Tech Lab  
  40  3:40  Marine x2  
  43  3:43  SCV  
  43  3:47  SCV  
  43  3:48  Supply Depot  
  46  3:55  SCV  
  46  3:57  Siege Tank  
  46  3:59  SCV  
  46  4:02  Marine x2  
  52  4:07  SCV  
  53  4:11  SCV  
  53  4:15  Supply Depot  
  54  4:19  SCV  
  54  4:23  SCV, Marine x2  
  51  4:29  Siege Tank  
  53  4:35  Raven  
  53  4:37  SCV x2  
  57  4:38  Supply Depot  
  57  4:41  Marine x2  
  59  4:47  Supply Depot  
  59  4:49  SCV x2  
  61  4:57  Command Center  
  61  5:00  Marine x2  
  61  5:04  Siege Tank  
  61  5:05  SCV  
  61  5:06  SCV  
  68  5:17  SCV  
  68  5:18  SCV  
  68  5:19  Supply Depot  
  70  5:26  Barracks  
  70  5:27  Barracks  
  70  5:30  SCV  
  70  5:34  Viking  
  72  5:40  SCV  
  73  5:43  SCV  
  73  5:45  Stimpack, Marine  
  73  5:47  Siege Tank  
  78  5:50  Refinery  
  78  5:51  Supply Depot  
  78  5:52  SCV  
  78  5:55  SCV  
  78  6:00  Engineering Bay  
  78  6:01  Engineering Bay  
  78  6:03  Marine  
  79  6:04  SCV  
  79  6:06  Starport Reactor  
  79  6:07  SCV  
  81  6:11  Orbital Command  
  81  6:12  Barracks  
  81  6:13  Barracks  
  81  6:17  Barracks Reactor x2  
  81  6:19  SCV, Siege Tank  
  81  6:25  SCV  
  86  6:29  Supply Depot  
  86  6:30  Terran Infantry Weapons Level 1  
  86  6:31  Terran Infantry Armor Level 1, SCV  
  87  6:43  SCV  
  88  6:51  Siege Tank, Marine  
  88  6:52  SCV  
  97  6:55  Orbital Command  
  97  6:59  Medivac x2, Marine x4  
  97  7:00  Barracks Reactor  
  101  7:02  SCV  
  101  7:04  SCV  
  101  7:05  Supply Depot  
  101  7:07  Refinery  
  103  7:08  Armory  
  103  7:09  Marine  
  103  7:15  Barracks Reactor  
  104  7:17  SCV x2, Marine x4  
  109  7:23  SCV  
  109  7:26  Siege Tank  
  109  7:27  Marine  
  114  7:32  SCV x2  
  114  7:35  Combat Shield, SCV  
  114  7:36  Refinery  
  116  7:42  Supply Depot  
  116  7:43  Marine  
  116  7:44  SCV x2  
  117  7:45  Sensor Tower  
  117  7:47  SCV  
  117  7:51  Medivac  
  119  7:52  Marine x6  
  119  7:56  SCV x2  
  127  7:59  SCV  
  127  8:01  Marine x2  
  127  8:02  Supply Depot  
  127  8:03  Supply Depot  
  128  8:09  Marine x2  
  128  8:10  Marine x2  
  124  8:13  Marine x2  
  124  8:14  Marine  
  124  8:19  Marine x2  
  129  8:25  Barracks  
  129  8:26  Barracks  
  129  8:27  Marine x3  
  129  8:28  Marine  
  129  8:29  Siege Tank  
  129  8:30  Marine  
  137  8:40  Medivac x2, Marine  
  137  8:41  Marine x2  
  141  8:47  Marine  
  141  8:48  Marine x5  
  144  8:58  Marine x3  
  144  9:02  Siege Tank  
  147  9:05  Marine  
  147  9:06  Marine x3  
  150  9:17  Marine  
  150  9:18  Marine x6  
  150  9:23  Marine x2  
  128  9:33  Marine x2  
  128  9:34  Marine  
  128  9:36  Marine x6  
  122  9:39  Siege Tank  
  122  9:41  Marine x2  
  127  9:51  Marine x2  
  128  9:53  Command Center  
  128  9:58  Marine x3  
  106  10:13  Command Center  
Show
View Real Time Build Order
Export as new Build Order

SpeCial Terran - Winner!

Build Orders: Gas First Reaper Expand, Hellion Opening 

Get SALT Encoding   

  12  0:00  SCV  
  13  0:13  SCV  
  14  0:17  Supply Depot  
  14  0:25  SCV  
  14  0:27  Refinery  
  15  0:39  SCV  
  16  0:44  Barracks  
  16  0:51  SCV  
  17  1:03  SCV  
  18  1:15  SCV  
  19  1:32  Orbital Command, Reaper  
  20  1:46  Command Center  
  20  1:53  Factory  
  20  1:57  SCV  
  21  2:05  Barracks Reactor  
  21  2:10  SCV  
  21  2:11  Supply Depot  
  22  2:16  Refinery  
  22  2:22  SCV  
  23  2:34  SCV  
  24  2:41  Starport  
  24  2:46  SCV  
  24  2:47  Hellion  
  24  2:48  Hellion  
  29  2:55  Barracks Tech Lab  
  29  2:58  SCV  
  30  3:04  Orbital Command  
  30  3:10  Hellion  
  30  3:11  Hellion  
  30  3:12  SCV  
  35  3:24  Raven  
  35  3:25  SCV  
  35  3:26  Refinery  
  38  3:30  SCV  
  38  3:33  Hellion  
  41  3:36  Hellion  
  41  3:37  SCV  
  44  3:42  Supply Depot  
  44  3:44  SCV  
  45  3:49  SCV  
  46  4:04  Factory Tech Lab, SCV x2, Marine x2  
  46  4:09  Raven  
  52  4:16  SCV x2  
  53  4:21  Marine x2  
  49  4:28  SCV x2  
  44  4:38  Siege Tank  
  47  4:39  Marine x2  
  47  4:40  SCV x2  
  47  4:45  Supply Depot  
  51  4:52  SCV x2  
  53  4:57  Marine  
  53  4:58  Command Center  
  54  5:06  Raven, SCV x2, Marine  
  54  5:07  Supply Depot  
  59  5:10  Siege Tank  
  62  5:16  Refinery  
  62  5:22  Supply Depot  
  62  5:28  SCV x2, Marine  
  65  5:40  SCV x2  
  67  5:43  Siege Tank  
  67  5:46  Supply Depot  
  70  5:52  SCV x2  
  72  5:57  Viking x2  
  72  5:59  Marine  
  72  6:00  Stimpack  
  72  6:03  Barracks  
  77  6:04  Barracks, SCV  
  77  6:08  SCV  
  79  6:13  Orbital Command  
  79  6:15  Supply Depot, Siege Tank  
  79  6:17  SCV, Marine  
  84  6:20  SCV  
  85  6:29  SCV, Viking x2  
  85  6:32  SCV  
  91  6:36  Marine  
  91  6:45  SCV  
  91  6:46  SCV  
  92  6:47  Orbital Command  
  92  6:48  Siege Tank  
  92  6:53  Barracks Reactor x2  
  95  6:57  Engineering Bay, SCV  
  95  6:59  Viking x2, Marine  
  95  7:00  Engineering Bay, Supply Depot  
  101  7:03  SCV  
  102  7:09  SCV  
  102  7:14  SCV  
  102  7:15  SCV  
  105  7:17  Marine  
  105  7:20  Siege Tank  
  105  7:22  SCV  
  110  7:23  Supply Depot  
  110  7:24  Supply Depot  
  110  7:25  Supply Depot  
  110  7:26  SCV  
  110  7:27  SCV  
  112  7:31  Marine  
  112  7:32  Marine x3  
  112  7:34  SCV  
  112  7:35  Marine  
  117  7:38  Terran Infantry Weapons Level 1, Terran Infantry Armor Level 1  
  117  7:44  SCV x2  
  117  7:45  Combat Shield  
  117  7:49  SCV, Marine  
  117  7:50  Marine x3  
  122  7:52  Siege Tank  
  122  7:54  Medivac  
  122  7:57  SCV x2  
  129  8:05  Marine  
  130  8:06  SCV  
  130  8:07  Marine  
  130  8:09  SCV x2, Marine  
  133  8:18  SCV  
  134  8:21  SCV, Refinery x2  
  134  8:22  Supply Depot, Marine x2  
  134  8:23  Marine  
  134  8:24  Siege Tank  
  134  8:25  Supply Depot, Sensor Tower  
  141  8:29  Barracks  
  141  8:30  Barracks  
  141  8:37  Medivac  
  141  8:43  SCV, Medivac, Marine x3  
  141  8:44  Armory, Marine  
  141  8:45  Marine  
  141  8:47  Supply Depot  
  147  8:59  Siege Tank  
  147  9:01  Marine x3  
  147  9:02  Marine x2  
  153  9:07  SCV  
  153  9:08  Medivac  
  158  9:13  Medivac  
  158  9:14  Supply Depot  
  158  9:15  Supply Depot  
  154  9:18  Barracks Reactor  
  154  9:19  Marine x3  
  154  9:20  Barracks Reactor, Marine  
  156  9:28  Marine  
  156  9:31  Siege Tank  
  140  9:36  Marine x3  
  140  9:38  Medivac, Marine  
  138  9:40  SCV x2  
  138  9:45  Medivac, Marine  
  142  9:47  Command Center  
  143  9:54  Marine x3  
  143  9:55  Marine x2  
  143  9:56  Marine  
  143  9:59  Marine x2  
Tags
 
Add a new tag
Caveats
  • Supply blocks, unpowered buildings, or Contaminate may cause inaccurate times.
  • Supply counts are checked every 10 seconds.